 Dungeon Crawl Stone Soup version 0.29-a0-11-ga75d3d97ab (webtiles) character file.

Game seed: 11443612570841408044

48 lonewolfV2 the Covered (level 3, -10/34 HPs)
             Began as a Deep Dwarf Fighter on Jan 28, 2022.
             Killed by an exploding dart slug (26 damage)
             ... ignited by their inner flame
             ... on level 2 of the Dungeon.
             The game lasted 00:01:33 (560 turns).

lonewolfV2 the Covered (Deep Dwarf Fighter)          Turns: 560, Time: 00:01:34

Health: -10/34     AC:  7    Str: 19    XL:     3   Next: 50%
Magic:  3/3        EV:  9    Int: 10    God:
Gold:   97         SH:  4    Dex: 12    Spells: 2/2 levels left

rFire   . . .      SeeInvis .   j - +1 hand axe (venom)
rCold   . . .      Faith    .   c - +0 buckler
rNeg    . . .      Spirit   .   b - +0 scale mail
rPois   .          Reflect  .   (no helmet)
rElec   .          Harm     .   (no cloak)
rCorr   .          Rampage  .   (no gloves)
Will    .....                   (no boots)
Stlth   ..........              (no amulet)
HPRegen 0.00/turn               (no ring)
MPRegen 0.08/turn               (no ring)

@: silenced
A: damage resistance, heal wounds, sense surroundings 1, no regeneration
a: Heal Wounds


You were on level 2 of the Dungeon.
You visited 1 branch of the dungeon, and saw 2 of its levels.

You collected 97 gold pieces.

Inventory:

Hand Weapons
 a - a +0 war axe
 j - a +1 hand axe of venom (weapon)
Armour
 b - a +0 scale mail (worn)
 c - a +0 buckler (worn)
Scrolls
 i - a scroll of enchant weapon {unknown}
 k - a scroll of amnesia {unknown}
Potions
 d - a potion of might
 f - a potion of attraction {unknown}


   Skills:
 + Level 3.1 Fighting
 + Level 3.0 Axes
 + Level 3.8 Armour
 + Level 0.1 Dodging
 + Level 3.5 Shields


You had 2 spell levels left.
You didn't know any spells.
Your spell library contained the following spells:

 Spells                   Type           Power      Damage    Failure   Level
 Sandblast                Erth           0%         2d4       82%         1
 Passwall                 Tmut/Erth      0%         N/A       91%         2
 Stone Arrow              Conj/Erth      0%         3d7       99%         3


Dungeon Overview and Level Annotations

Branches:
Dungeon (2/15)

Altars:


Innate Abilities, Weirdness & Mutations

You are resistant to damage.
You can heal yourself by infusing magical energy.
You passively map a small area around you.
You do not regenerate.


Message History

A frilled lizard is nearby!
A frilled lizard is nearby!
You barely miss the frilled lizard.
The frilled lizard bites you but does no damage.
You completely miss the frilled lizard. The frilled lizard closely misses you.
You hit the frilled lizard.
You kill the frilled lizard!
A dart slug comes into view.
You see here a frilled lizard corpse.
The dart slug launches a dart at you. The slug dart hits you.
As you read the scroll labelled AXURAT JUYTZUX, it crumbles to dust.
You hear a loud clanging noise!
It was a scroll of noise.
You hear a shout! x4; You hear an angry hiss.
As you read the scroll labelled SUMMIR KERR, it crumbles to dust.
The creatures around you are filled with an inner flame!
It was a scroll of immolation.
The dart slug launches a dart at you. The slug dart hits you.
As you read the scroll labelled FEFIBAY DAMNEA, it crumbles to dust.
A profound silence engulfs you.
It was a scroll of silence.
Magic scrolls do not work when you're silenced!
The dart slug launches a dart at you. The slug dart hits you.
You see here a frilled lizard corpse.
A dart slug is nearby!
A dart slug is nearby!
A dart slug is nearby!
A dart slug is nearby!
Found a scroll labelled BEECIN ICHIWI.
You hit the dart slug.
Flame seeps out of the dart slug.
The dart slug is poisoned.
The dart slug is heavily wounded.
Flame seeps out of the dart slug.
You hit the dart slug.
The dart slug explodes!
The fiery explosion engulfs you!!
Ouch! That really hurt!
You die...

#.........##
* ,
#.........#
*
#.........#
#........<#
#...†.....#
#........##
#†#..>..##
##.#######
#@.# #°## *
, #§# ,, ..#
....* *.....
#..... ,
#..?..# *, ,


There were no monsters in sight!

Vanquished Creatures
  A worm (D:2)
  A dart slug (D:2)
  3 ball pythons (D:1)
  8 endoplasms
  3 giant cockroaches (D:1)
  2 goblins (D:1)
  6 hobgoblins (D:1)
  7 jackals (D:1)
  A bat (D:1)
  2 frilled lizards
  2 kobolds (D:1)
  A rat (D:1)
37 creatures vanquished.

Vanquished Creatures (others)
  4 plants (D:1)
4 creatures vanquished.

Grand Total: 41 creatures vanquished

Notes
Turn   | Place    | Note
-------+----------+-------------------------------------------
     0 | D:1      | lonewolfV2 the Deep Dwarf Fighter began the quest for the
                  | Orb.
     0 | D:1      | Reached XP level 1. HP: 20/20 MP: 1/1
    43 | D:1      | Reached XP level 2. HP: 20/27 MP: 2/2
   241 | D:1      | Reached XP level 3. HP: 24/34 MP: 3/3
   460 | D:1      | Found a faded altar of an unknown god.
   560 | D:2      | Killed by an exploding dart slug... ignited by their inner
                  | flame

Illustrated notes

Levels and vault maps discovered:
D:1:      moated_graveyard_arrival, layout_rooms, ebering_ecumenical_altar_box,
          serial_bayou_lagoon_a, minmay_door_square, minmay_misc_feat_rugged
D:2:      layout_rooms

Skill      XL: |  1  2  3 |
---------------+----------+-----
Fighting       | 3 |  3.1
Axes           | 3 |  3.0
Armour         | |  3.8
Dodging        | |  0.1
Shields        | |  3.5

Action                   || total
-------------------------++-------
Melee: War axe           ||    57
       Hand axe          ||    20
  Use: Scroll            ||     3
Armor: Scale mail        ||    58
Dodge: Dodged            ||    41
Block: Buckler           ||    30

Table legend: (Time is in decaauts)
 A = Elapsed time spent in this place.
 B = Non-inter-level travel time spent in this place.
 C = Inter-level travel time spent in this place.
 D = Time resting spent in this place.
 E = Time spent auto-exploring this place.
 F = Levels seen in this place.
 G = Mean time per level.
                   A        B        C        D        E       F      G
               +--------+--------+--------+--------+--------+-----+--------+
         Total |    589 |    565 |     24 |      0 |    299 |   2 |  294.5 |
       Dungeon |    589 |    565 |     24 |      0 |    299 |   2 |  294.5 |
               +--------+--------+--------+--------+--------+-----+--------+

Top non-repeatable levels by time:
     D:1: 526 daAuts
     D:2: 63 daAuts
